 Dungeon Crawl Stone Soup version 0.19.4 (webtiles) character file.

11024 Agrougrou the Basher (level 12, -4/94 HPs)
             Began as a Formicid Fighter on Feb 3, 2017.
             Was an Elder of Qazlal.
             Slain by an ice devil (22 damage)
             ... on level 11 of the Dungeon.
             The game lasted 01:33:41 (12832 turns).

Agrougrou the Basher (Formicid Fighter)            Turns: 12832, Time: 01:33:42

Health: -4/94      AC: 16    Str: 24    XL:     12   Next: 2%
Magic:  12/12      EV:  7    Int: 10    God:    Qazlal [****..]
Gold:   1002       SH: 17    Dex: 12    Spells: 0 memorised, 11 levels left

rFire  + . .     SeeInvis +     y - +2 war axe (drain)
rCold  . . .     Gourm    .     h - +0 plate armour
rNeg   . . .     Faith    .     c - +0 shield
rPois  .         Spirit   .     (helmet unavailable)
rElec  .         Reflect  .     l - +0 cloak
rCorr  +         Harm     .     o - +0 pair of gloves
MR     +....                    (no boots)
Stlth  ..........               s - amulet of magic regeneration
                                z - ring "Joboives" {rF+ Dex+2}
                                b - ring of resist corrosion

@: repel missiles, drained
A: permanent stasis, dig shafts and tunnels, four strong arms, antennae 3
a: Dig, Shaft Self, Upheaval, Elemental Force, Renounce Religion


You were on level 11 of the Dungeon.
You worshipped Qazlal.
Qazlal was greatly pleased with you.
You were hungry.

You visited 4 branches of the dungeon, and saw 15 of its levels.

You collected 1002 gold pieces.

Inventory:

Hand Weapons
 e - a +5 dire flail
 i - a +0 arbalest
 y - a +2 war axe of draining (weapon)
 J - a +0 halberd of chopping
 R - a +1 scimitar of flaming
 S - a +3 great mace
Missiles
 j - 324 stones
 H - 23 tomahawks (quivered)
 P - 55 bolts
Armour
 c - a +0 shield (worn)
 h - a +0 plate armour (worn)
 l - a +0 cloak (worn)
 o - a +0 pair of gloves (worn)
 W - a cursed +0 cloak
Jewellery
 b - a ring of resist corrosion (left hand)
 s - an amulet of magic regeneration (around neck)
 x - an uncursed ring of protection from fire
 z - the ring "Joboives" (right hand) {rF+ Dex+2}
   (You found it on level 6 of the Dungeon)

   [ring of protection from fire]

   It affects your dexterity (+2).
   It protects you from fire.
 L - an uncursed ring of protection from cold
Wands
 a - a wand of flame (35/48)
 w - a wand of flame (20/48)
 N - a wand of lightning (8/15)
 O - a wand of flame (25/48)
 V - a wand of digging (15/24)
Scrolls
 k - 2 scrolls of remove curse
 m - 3 scrolls of enchant weapon
 n - 2 scrolls of noise {unknown}
 p - 3 scrolls of amnesia {unknown}
 r - 4 scrolls of magic mapping {unknown}
 u - 2 scrolls of fear {unknown}
 B - 2 scrolls of fog {unknown}
 C - 2 scrolls of identify
 D - 3 scrolls of immolation {unknown}
 F - 3 scrolls of enchant armour {unknown}
 U - a scroll of silence {unknown}
Potions
 d - 2 potions of might
 q - a potion of cancellation
 t - 7 potions of brilliance
 v - 2 potions of flight
 A - 3 potions of lignification
 G - 3 potions of invisibility
 I - 2 potions of cure mutation
 K - 2 potions of magic
 M - 4 potions of curing
 T - a potion of agility {unknown}
Comestibles
 f - 5 bread rations
 g - 10 meat rations
 E - 7 slices of pizza


   Skills:
 + Level 8.3(7.8) Fighting
 * Level 2.5(2.0) Long Blades
 + Level 0.4(7.5) Axes
 + Level 11.0(10.4) Maces & Flails
 + Level 6.3(5.8) Polearms
 + Level 8.0(7.4) Armour
 + Level 1.3(0.8) Dodging
 + Level 10.6(10.0) Shields


You had 11 spell levels left.
You didn't know any spells.

Dungeon Overview and Level Annotations

Branches:
Dungeon (11/15)            Temple (1/1) D:6            Lair (1/6) D:8
    Orc (2/2) D:9
    Elf: Orc:2

Altars:
Ashenzari
Cheibriados
Dithmenos
Elyvilon
Fedhas
Hepliaklqana
Kikubaaqudgha
Nemelex Xobeh
Okawaru
Qazlal
Ru
Sif Muna
Trog
Uskayaw
Vehumet
Xom
Yredelemnul
Zin
The Shining One
Beogh

Shops:
D:6 %   D:8 =   D:9 :

Portals:
Ice
Cave: D:11


Innate Abilities, Weirdness & Mutations

You are under a permanent stasis effect.
You can dig through walls and to a lower floor.
Your four strong arms can wield two-handed weapons with a shield.
You have a pair of large antennae on your head. (SInv)


Message History

You barely miss the ice devil.
The ice devil is heavily wounded.
The ice devil hits you but does no damage.
You hit the ice devil.
The ice devil is heavily wounded.
The ice devil hits you. The ice devil freezes you!
* * * LOW HITPOINT WARNING * * *
You thump the ice devil!
The ice devil is almost dead.
The ice devil hits you but does no damage.
You block the ice devil's attack.
You hear the faint crackling of a melting archway.
You sense an unholy aura.
y - a +2 war axe of draining (weapon)
You hit the ice devil.
The ice devil is almost dead.
The ice devil hits you!
* * * LOW HITPOINT WARNING * * *
The ice devil freezes you!!
You die...

######
#.4.4#####
#4###....#
#@# #....#
#.#
#∩......#
#.#
#....##.+
#.# #....#
# #.#
###### #.#
## #.#
###.# #.#
#... .#
#.###.#
.### .#


You could see 2 ice devils.

Vanquished Creatures
  Erica (D:9)
  A hill giant (D:10)
  Pikel (D:4)
  3 orc knights
  2 orc sorcerers (D:9)
  A black mamba (D:8)
  A hippogriff (D:10)
  A vampire (D:11)
  9 yaks
  A spriggan (D:8)
  2 hungry ghosts
  3 water moccasins
  5 orc warriors
  A porcupine (Lair:1)
  A sky beast (D:10)
  A slave (D:3)
  3 black bears
  An ice beast (D:11)
  4 phantoms
  3 ogres
  2 centaurs (D:7)
  A big kobold (D:10)
  3 bullfrogs
  A water moccasin zombie (D:11)
  3 scorpions
  A water moccasin skeleton (D:8)
  5 killer bees
  5 wights
  A howler monkey (D:5)
  2 vampire bats (D:8)
  2 crimson imps
  2 bullfrog zombies
  2 quasits
  5 bullfrog skeletons
  7 hounds
  3 orc priests
  4 centaur skeletons
  2 jellies
  2 iguanas
  14 orc wizards
  6 worker ants
  Robin (D:3)
  2 worker ant zombies
  11 gnolls
  18 adders
  4 shadow imps
  An ooze (D:1)
  2 adder skeletons
  6 worms
  7 dart slugs
  6 leopard geckos
  39 orcs
  3 bat skeletons (D:8)
  3 bat zombies (D:8)
  11 giant cockroaches
  13 goblins
  12 hobgoblins
  12 jackals
  4 quokkas
  3 ball pythons
  11 bats
  3 frilled lizards
  16 kobolds
  A leopard gecko skeleton (D:7)
  10 rats
  7 fungi (D:8)
  5 plants (D:8)
329 creatures vanquished.

Vanquished Creatures (others)
  A fungus (D:8)
  A plant (Lair:1)
2 creatures vanquished.

Grand Total: 331 creatures vanquished

Notes
Turn   | Place    | Note
-------+----------+-------------------------------------------
     0 | D:1      | Agrougrou the Formicid Fighter began the quest for the Orb.
     0 | D:1      | Reached XP level 1. HP: 18/18 MP: 1/1
   188 | D:1      | Reached XP level 2. HP: 23/24 MP: 2/2
   294 | D:1      | Reached XP level 3. HP: 25/30 MP: 3/3
   663 | D:1      | Reached XP level 4. HP: 37/37 MP: 4/4
   735 | D:2      | Found a basalt altar of Yredelemnul.
   803 | D:2      | Reached skill level 3 in Maces & Flails
  1115 | D:2      | Reached XP level 5. HP: 18/42 MP: 5/5
  1361 | D:2      | Found a hide-covered altar of Uskayaw.
  1701 | D:3      | Noticed Robin
  1712 | D:3      | Killed Robin
  1888 | D:3      | Reached skill level 4 in Maces & Flails
  1897 | D:3      | Reached XP level 6. HP: 40/49 MP: 6/6
  2926 | D:4      | Noticed Pikel
  2928 | D:4      | Noticed a slave
  2930 | D:4      | Noticed a slave
  2930 | D:4      | Noticed a slave
  2932 | D:4      | Noticed a slave
  3469 | D:4      | Noticed a phantom
  3550 | D:4      | Killed a phantom
  3550 | D:4      | Reached skill level 1 in Polearms
  3550 | D:4      | Reached skill level 5 in Shields
  3550 | D:4      | Reached XP level 7. HP: 47/55 MP: 7/7
  3774 | D:4      | Reached skill level 5 in Maces & Flails
  3905 | D:4      | Killed Pikel
  3905 | D:4      | Reached skill level 5 in Fighting
  3905 | D:4      | Reached skill level 6 in Maces & Flails
  3905 | D:4      | Reached skill level 5 in Armour
  3905 | D:4      | Reached XP level 8. HP: 47/62 MP: 8/8
  3983 | D:5      | Entered Level 5 of the Dungeon
  4401 | D:5      | Found a sparkling altar of Nemelex Xobeh.
  4725 | D:6      | Found a staircase to the Ecumenical Temple.
  4755 | Temple   | Entered the Ecumenical Temple
  4774 | Temple   | Became a worshipper of Qazlal Stormbringer
  5085 | D:6      | Reached XP level 9. HP: 47/69 MP: 9/9
  5455 | D:6      | Got a crude golden ring
  5458 | D:6      | Identified the ring "Joboives" {rF+ Dex+2} (You found it on level 6 of the Dungeon)
  5466 | D:6      | Found Atsi's Food Boutique.
  5526 | D:6      | Reached * piety under Qazlal
  5689 | D:6      | Reached skill level 5 in Polearms
  5727 | D:6      | Found a snail-covered altar of Cheibriados.
  6126 | D:6      | Found a shimmering altar of Xom.
  6386 | D:7      | Reached skill level 1 in Dodging
  6424 | D:7      | Found a shattered altar of Ashenzari.
  6495 | D:7      | Reached skill level 7 in Maces & Flails
  6523 | D:7      | Found a bloodstained altar of Trog.
  6700 | D:7      | Found a sacrificial altar of Ru.
  6863 | D:7      | Found a blossoming altar of Fedhas.
  6900 | D:7      | Reached XP level 10. HP: 77/77 MP: 10/10
  7196 | D:8      | Reached ** piety under Qazlal
  7254 | D:8      | Found a hazy altar of Hepliaklqana.
  7305 | D:8      | Reached skill level 8 in Maces & Flails
  7396 | D:8      | Found an ancient bone altar of Kikubaaqudgha.
  7572 | D:8      | Found a staircase to the Lair.
  7596 | Lair:1   | Entered Level 1 of the Lair of Beasts
  7610 | Lair:1   | Noticed a black mamba
  7644 | D:8      | HP: 2/79 [black mamba (9)]
  7647 | D:8      | Killed a black mamba
  7867 | Lair:1   | Reached skill level 9 in Maces & Flails
  8095 | Lair:1   | Noticed an eight-headed hydra
  8185 | D:8      | Found a faded altar of an unknown god.
  8185 | D:8      | Found a faded altar of an unknown god.
  8193 | D:8      | Found a shadowy altar of Dithmenos.
  8201 | D:8      | Found a faded altar of an unknown god.
  8203 | D:8      | Found a faded altar of an unknown god.
  8236 | D:8      | Found Ahook's Jewellery Shop.
  8474 | D:9      | Found Nenoox's Book Shoppe.
  8478 | D:9      | Noticed Erica
  8507 | D:9      | Reached *** piety under Qazlal
  8523 | D:9      | Killed Erica
  8523 | D:9      | Reached XP level 11. HP: 76/85 MP: 11/11
  8553 | D:9      | Found a staircase to the Orcish Mines.
  8593 | D:9      | Reached skill level 10 in Maces & Flails
  8825 | D:9      | Found a white marble altar of Elyvilon.
  8930 | Orc:1    | Entered Level 1 of the Orcish Mines
  8937 | Orc:1    | Found a roughly hewn altar of Beogh.
  9173 | Orc:1    | Noticed an orc sorcerer
  9178 | Orc:1    | Noticed an orc knight
  9179 | Orc:1    | Noticed an orc knight
  9180 | Orc:1    | Noticed an orc sorcerer
  9265 | D:10     | Entered Level 10 of the Dungeon
  9482 | D:10     | Noticed a hill giant
  9498 | D:10     | Killed a hill giant
  9800 | D:10     | Reached skill level 10 in Shields
 10591 | D:9      | Found a radiant altar of Vehumet.
 10789 | D:9      | Killed an orc knight
 11035 | D:9      | Killed an orc sorcerer
 11035 | D:9      | Reached skill level 1 in Long Blades
 11331 | D:9      | Killed an orc knight
 11357 | D:9      | Killed an orc sorcerer
 11651 | Orc:1    | Reached skill level 11 in Maces & Flails
 12155 | Orc:2    | Entered Level 2 of the Orcish Mines
 12161 | Orc:2    | Noticed an orc knight
 12169 | Orc:1    | Reached **** piety under Qazlal
 12479 | D:10     | Killed an orc knight
 12672 | D:11     | Reached XP level 12. HP: 81/94 MP: 12/12
 12784 | D:11     | Found a stormy altar of Qazlal.
 12817 | D:11     | Found a frozen archway.
 12832 | D:11     | Slain by an ice devil

Skill      XL: |  1  2  3  4  5  6  7  8  9 10 11 12 |
---------------+-------------------------------------+-----
Shields        | 4 5 7 9 10 | 10.6
Fighting       | 4 5 6 7 8 |  8.3
Maces & Flails | 3 4 6 7 9 11 | 11.0
Armour         | 4 5 6 7 8 |  8.0
Polearms       | 1 2 3 6 |  6.3
Dodging        | 1 |  1.3
Long Blades    | 2 |  2.5
Axes           | |  0.4

Action                   |  1- 3 |  4- 6 |  7- 9 | 10-12 || total
-------------------------+-------+-------+-------+-------++-------
Melee: Flail             |    72 |   298 |   124 |       ||   494
       Halberd           |       |    15 |       |    36 ||    51
       Glaive            |       |       |   232 |    10 ||   242
       Dire flail        |       |       |    68 |   407 ||   475
       Great mace        |       |       |       |    31 ||    31
       War axe           |       |       |       |    16 ||    16
       Scimitar          |       |       |       |    14 ||    14
Throw: Stone             |       |     4 |       |       ||     4
 Abil: Dig               |     4 |     6 |     6 |    15 ||    31
  Use: Scroll            |       |       |    14 |     2 ||    16
       Potion            |       |       |       |     2 ||     2
 Stab: Invisible         |       |       |     1 |       ||     1
       Paralysed         |       |       |     1 |       ||     1
  Eat: Chunk             |       |     9 |    12 |    14 ||    35
       Beef jerky        |       |     1 |     2 |     1 ||     4
       Meat ration       |       |       |       |     1 ||     1
       Pizza             |       |       |       |     1 ||     1
Armor: Scale mail        |    23 |       |       |       ||    23
       Chain mail        |    10 |   141 |    38 |       ||   189
       Plate armour      |       |    38 |   144 |   157 ||   339
Dodge: Dodged            |    11 |    72 |    71 |    87 ||   241
Block: Shield            |    35 |   170 |   237 |   372 ||   814
